 Dungeon Crawl Stone Soup version 0.22.0 (webtiles) character file.

63 EvilAliv3 the Vexing (level 3, -3/20 HPs)
             Began as a Deep Elf Arcane Marksman on Aug 22, 2018.
             Slain by an orc wizard
             ... wielding a cursed +0 dagger
              (4 damage)
             ... on level 3 of the Dungeon.
             The game lasted 00:11:06 (1831 turns).

EvilAliv3 the Vexing (Deep Elf Arcane Marksman)     Turns: 1831, Time: 00:11:07

Health: -3/20      AC:  4    Str:  7    XL:     3   Next: 87%
Magic:  6/8        EV: 13    Int: 18    God:
Gold:   155        SH:  0    Dex: 15    Spells: 3/7 levels left

rFire    . . .     SeeInvis .   b - +0 short sword
rCold    . . .     Gourm    .   (no shield)
rNeg     . . .     Faith    .   e - +0 robe
rPois    .         Spirit   .   (no helmet)
rElec    .         Reflect  .   j - +0 cloak
rCorr    .         Harm     .   p - +0 pair of gloves
MR       .....                  (no boots)
Stlth    +.........             (no amulet)
HPRegen  0.06/turn              (no ring)
MPRegen  0.11/turn              (no ring)

@: very slightly contaminated
A: no striking features
a: no special abilities


You were on level 3 of the Dungeon.
You were not hungry.

You visited 1 branch of the dungeon, and saw 3 of its levels.

You collected 155 gold pieces.

Inventory:

Hand Weapons
 a - a +0 shortbow
 b - a +0 short sword (weapon)
Missiles
 g - 13 arrows
Armour
 e - a +0 robe (worn)
 j - a +0 cloak (worn)
 l - a +0 ring mail
 p - a +0 pair of gloves (worn)
Jewellery
 q - an uncursed amulet of guardian spirit {unknown}
Wands
 t - a wand of iceblast (11)
Scrolls
 k - 3 scrolls of fear {unknown}
 m - a scroll of enchant weapon {unknown}
 n - a scroll of remove curse {unknown}
 r - 2 scrolls of fog {unknown}
 s - a scroll of identify {unknown}
Potions
 c - a potion of agility {unknown}
 h - a potion of resistance
 i - 2 potions of mutation {unknown}
 o - 2 potions of curing {unknown}
Comestibles
 d - 7 chunks of flesh
 f - 3 rations


   Skills:
 + Level 1.3 Fighting
 * Level 3.1 Bows
 + Level 3.0 Dodging
 + Level 2.6 Spellcasting
 + Level 4.5 Hexes


You had 3 spell levels left.
You knew the following spells:

 Your Spells              Type           Power        Failure   Level  Hunger
a - Corona                Hex            ###....      2%          1    #......
b - Portal Projectile     Hex/Tloc       ##....       21%         3    ###....

Your spell library contained the following spells:

 Spells                   Type           Power        Failure   Level  Hunger
 Cause Fear               Hex            ###.......   26%         4    #####..
 Slow                     Hex            ###.....     4%          2    ##.....
 Leda's Liquefaction      Hex/Erth       ##........   56%         4    #####..
 Inner Flame              Hex/Fire       ##......     21%         3    ###....


Dungeon Overview and Level Annotations

Branches:
Dungeon (3/15)

Altars:


Message History

The orc wizard is moderately wounded.
The orc wizard completely misses you.
The orc wizard hits you but does no damage.
Okay, then.
Okay, then.
Casting: Corona (safe; 2% risk of failure)
Confirm with . or Enter, or press ? or * to list all spells.
Aiming: Corona (safe; 2% risk of failure)
Press: ? - help, Shift-Dir - straight line, f/p - orc wizard
Aim: an orc wizard, wielding a dagger and wearing a robe (moderately wounded, softly glowing, chance to defeat MR: 56%)
The orc wizard glows brighter.
The orc wizard hits you with a dagger.
* * * LOW HITPOINT WARNING * * *
You hit the orc wizard but do no damage.
The orc wizard is moderately wounded.
The orc wizard hits you with a dagger.
* * * LOW HITPOINT WARNING * * *
You hit the orc wizard.
The orc wizard is severely wounded.
The orc wizard hits you with a dagger.
You die...

#..### #...
##########)...##.##.
.
..........((..#.#..
.. #......<รท.#
.##.#
####...#.....##...#
#....)..........#
#.##...#.....#.##
.##.##...#....ro##
..............##@#
.(...##(......###)#
###.. #.......# #..
..< #.......# .#.#
.... #.......# # #
... #.......# #.#
#.......# #########


You could see an orc wizard and a rat.

Vanquished Creatures
  An adder (D:2)
  A leopard gecko (D:1)
  5 orcs (D:3)
  2 giant cockroaches (D:1)
  8 goblins
  5 hobgoblins
  2 quokkas (D:2)
  A ball python (D:1)
  4 bats
  6 frilled lizards
  6 kobolds
  5 rats
46 creatures vanquished.

Notes
Turn   | Place    | Note
-------+----------+-------------------------------------------
     0 | D:1      | EvilAliv3 the Deep Elf Arcane Marksman began the quest for the Orb.
     0 | D:1      | Reached XP level 1. HP: 11/11 MP: 5/5
   209 | D:1      | Reached XP level 2. HP: 13/16 MP: 3/6
   302 | D:1      | Reached skill level 1 in Fighting
  1178 | D:2      | Reached XP level 3. HP: 20/20 MP: 5/8
  1191 | D:2      | Learned a level 3 spell: Portal Projectile
  1830 | D:3      | HP: 1/20 [orc wizard/dagger (3)]
  1831 | D:3      | Slain by an orc wizard

Skill      XL: |  1  2  3 |
---------------+----------+-----
Fighting       | 1 |  1.3
Spellcasting   | 2 |  2.6
Bows           | 3 |  3.1
Dodging        | 3 |  3.0
Hexes          | |  4.5

Action                   || total
-------------------------++-------
Melee: Short sword       ||    47
 Fire: Shortbow          ||   117
 Cast: Corona            ||    38
  Eat: Chunk             ||     3
Armor: Robe              ||    24
Dodge: Dodged            ||    69
